 Dungeon Crawl Stone Soup version 0.30-a0-373-gd37427bb62 (webtiles) character file.

Game seed: 5187664390764920101

155 Shayle the Chopper (level 5, -4/41 HPs)
             Began as a Demonspawn Reaver on Nov 24, 2022.
             Slain by a killer bee (7 damage)
             ... on level 4 of the Dungeon.
             The game lasted 00:06:36 (2419 turns).

Shayle the Chopper (Demonspawn Reaver)              Turns: 2419, Time: 00:06:36

Health: -4/41      AC:  7    Str: 12    XL:     5   Next: 14%
Magic:  8/8        EV: 11    Int: 17    God:
Gold:   51         SH:  0    Dex: 11    Spells: 4/8 levels left

rFire   . . .      SeeInvis .    c - +1 spear (vorpal)
rCold   . . .      Faith    .    (no shield)
rNeg    . . .      Spirit   .    g - +0 ring mail
rPois   .          Reflect  .    (no helmet)
rElec   .          Harm     .    (no cloak)
rCorr   .          Rampage  .    (no gloves)
Will    .....                    (no boots)
Stlth   +.........               (no amulet)
HPRegen 0.26/turn                (no ring)
MPRegen 0.11/turn                (no ring)

@: lethally poisoned (-4 -> -9)
A: hooves 1, icy blue scales 1
a: no special abilities


You were on level 4 of the Dungeon.
You visited 1 branch of the dungeon, and saw 4 of its levels.

You collected 139 gold pieces.
You spent 88 gold pieces at shops.

Inventory:

Hand Weapons
 a - a +0 hand axe
 c - a +1 vorpal spear (weapon)
Armour
 b - a +0 leather armour
 g - a +0 ring mail (worn)
 i - a +0 cloak
Jewellery
 o - an amulet of magic regeneration
Scrolls
 d - a scroll of amnesia {unknown}
 f - 3 scrolls of teleportation
 k - 2 scrolls of identify
 m - a scroll of blinking {unknown}
Potions
 e - a potion of lignification {unknown}
 h - 2 potions of curing
 j - 3 potions of mutation
 l - a potion of flight {unknown}


   Skills:
 + Level 3.3 Fighting
 + Level 3.6 Axes
 + Level 1.1 Armour
 - Level 2.6 Dodging
 + Level 1.2 Stealth
 - Level 2.0 Spellcasting
 - Level 3.0 Conjurations


You had 4 spell levels left.
You knew the following spells:

 Your Spells              Type           Power      Damage    Failure   Level
a - Kiss of Death         Conj/Necr      24%        2d7       24%         1
b - Hailstorm             Conj/Ice       6%         3d4       56%         3

Your spell library contained the following spells:

 Spells                   Type           Power      Damage    Failure   Level
 Momentum Strike          Conj/Tloc      12%        3d8       34%         2
 Vhi's Electric Charge    Tloc/Air       2%         N/A       78%         3
 Maxwell's Capacitive Co  Air            0%         ∞         100%        8
 Chain Lightning          Conj/Air       3%         3d4       100%        9


Dungeon Overview and Level Annotations

Branches:
Dungeon (4/15)
 Temple: D:4-7

Altars:
Wu Jian

Shops:
D:3 !


Innate Abilities, Weirdness & Mutations

You have large cloven feet.
You are partially covered in icy blue scales. (AC +2)


Message History

You are more poisoned.
The killer bee poisons you! The killer bee stings you.
You barely miss the killer bee. Your kick misses the killer bee.
You feel very sick.
The killer bee stings you but does no damage.
The killer bee completely misses you.
You closely miss the killer bee. Your kick misses the killer bee.
You feel very sick. The killer bee barely misses you.
The killer bee stings you but does no damage.
You miss the killer bee. Your kick misses the killer bee.
You feel sick.
The killer bee stings you but does no damage.
The killer bee stings you.
You are more poisoned.
The killer bee poisons you!
You hit the killer bee.
You kick the killer bee, but do no damage.
The killer bee is lightly wounded.
You feel very sick. The killer bee stings you.
* * * LOW HITPOINT WARNING * * *
The killer bee barely misses you.
You miss the killer bee. Your kick misses the killer bee.
The killer bee is lightly wounded.
* * * LOW HITPOINT WARNING * * *
You feel very sick. The killer bee barely misses you.
The killer bee stings you.
* * * LOW HITPOINT WARNING * * *
You hit the killer bee. Your kick misses the killer bee.
The killer bee is moderately wounded.
* * * LOW HITPOINT WARNING * * *
You feel sick. The killer bee stings you.
* * * LOW HITPOINT WARNING * * *
The killer bee completely misses you.
Unknown command.
You hit the killer bee. You kick the killer bee.
The killer bee is almost dead.
* * * LOW HITPOINT WARNING * * *
You feel sick. The killer bee stings you!
You die...

############
.......y...#
......y.##.#
#y#####.##.#
#.##.#
#.##<#
#.##y#
..##@#
####.# #.#
... #####


You could see a killer bee.

Vanquished Creatures
  Natasha (D:3)
  3 gnolls (D:3)
  3 adders
  A worm (D:2)
  3 dart slugs
  An orc (D:3)
  5 endoplasms
  4 giant cockroaches
  2 goblins
  8 hobgoblins
  4 jackals (D:4)
  4 quokkas
  4 ball pythons
  5 bats
  2 frilled lizards
  6 kobolds
  8 rats (D:1)
64 creatures vanquished.

Vanquished Creatures (others)
  4 fungi (D:2)
  7 plants (D:2)
11 creatures vanquished.

Grand Total: 75 creatures vanquished

Notes
Turn   | Place    | Note
-------+----------+-------------------------------------------
     0 | D:1      | Shayle the Demonspawn Reaver began the quest for the Orb.
     0 | D:1      | Reached XP level 1. HP: 16/16 MP: 3/3
   297 | D:1      | Gained mutation: You have large cloven feet. [demonic
                  | ancestry]
   297 | D:1      | Reached XP level 2. HP: 22/22 MP: 5/5
  1006 | D:1      | Gained mutation: You are partially covered in icy blue
                  | scales. (AC +2) [demonic ancestry]
  1006 | D:1      | Reached XP level 3. HP: 28/28 MP: 6/6
  1237 | D:2      | Got the Volume of the Squall
  1242 | D:2      | Learned a level 3 spell: Hailstorm
  1328 | D:2      | Found a faded altar of an unknown god.
  1674 | D:3      | Found Sisafax's Distillery.
  1736 | D:3      | Reached XP level 4. HP: 31/34 MP: 7/7
  1754 | D:3      | Bought a potion of heal wounds for 55 gold pieces
  1754 | D:3      | Bought a potion of curing for 33 gold pieces
  1828 | D:3      | Found an ornate altar of the Wu Jian Council.
  1934 | D:3      | Noticed Natasha
  1945 | D:3      | Killed Natasha
  2136 | D:4      | Reached skill level 1 in Stealth
  2147 | D:4      | Noticed a necrophage
  2255 | D:3      | Reached skill level 1 in Armour
  2274 | D:3      | Reached XP level 5. HP: 29/41 MP: 8/8
  2419 | D:4      | Slain by a killer bee

Illustrated notes

Levels and vault maps discovered:
D:1:      lightli_arrival_maybe_door_vault, layout_basic
D:2:      layout_basic, shapermc_ecumenical_altar_mp_urbaneastern
D:3:      cheibrodos_helix_gallery, layout_rooms,
          nicolae_overflow_hidden_temple, mainiacjoe_overflow_alcove_1,
          serial_shops, shop_statue, uniq_natasha
D:4:      layout_basic

Skill      XL: |  1  2  3  4 |
---------------+-------------+-----
Dodging        | 2 |  2.6
Axes           | 3 |  3.6
Fighting       | 3 |  3.3
Stealth        | 1 |  1.2
Armour         | 1 |  1.1
Spellcasting   | |  2.0
Conjurations   | |  3.0

Action                   |  1- 3 |  4- 6 || total
-------------------------+-------+-------++-------
Melee: Spear             |   108 |    95 ||   203
       Hand axe          |     3 |       ||     3
       Kick              |    17 |    14 ||    31
  Use: Scroll            |     3 |     1 ||     4
       Potion            |       |     3 ||     3
Armor: Leather armour    |    15 |       ||    15
       Ring mail         |    12 |    41 ||    53
Dodge: Dodged            |    54 |    89 ||   143

Table legend: (Time is in decaauts)
 A = Elapsed time spent in this place.
 B = Non-inter-level travel time spent in this place.
 C = Inter-level travel time spent in this place.
 D = Time resting spent in this place.
 E = Time spent auto-exploring this place.
 F = Levels seen in this place.
 G = Mean time per level.
                   A        B        C        D        E       F      G
               +--------+--------+--------+--------+--------+-----+--------+
         Total |   2426 |   2351 |     75 |    167 |   1459 |   4 |  606.5 |
       Dungeon |   2426 |   2351 |     75 |    167 |   1459 |   4 |  606.5 |
               +--------+--------+--------+--------+--------+-----+--------+

Top non-repeatable levels by time:
     D:1: 1062 daAuts
     D:3: 697 daAuts
     D:2: 524 daAuts
     D:4: 141 daAuts
